 Dungeon Crawl Stone Soup version 0.32-a0-928-g1cae6b7ea0 (webtiles) character file.

Game seed: 18364532280531064003

136 kae the Changeling (level 4, -3/48 HPs)
             Began as a Demonspawn Shapeshifter on Apr 12, 2024.
             Succumbed to Terence's poison
             ... on level 3 of the Dungeon.
             The game lasted 00:01:32 (2030 turns).

kae the Changeling (Demonspawn Shapeshifter)        Turns: 2030, Time: 00:01:33

Health: -3/48      AC: 22    Str: 14    XL:     4   Next: 98%
Magic:  4/4        EV:  2    Int: 11    God:
Gold:   93         SH:  4    Dex: 14    Spells: 3/3 levels left

rFire   . .          .
                       - Unarmed
rCold   . . .        (no shield)
rNeg    . . .        q - melded +3 robe of Clouds {*Thunder rCloud rElec}
rPois   +            (helmet currently unavailable)
rElec   .            (cloak currently unavailable)
rCorr   .            (gloves currently unavailable)
SInv    .            (boots currently unavailable)
Will    .....        (no amulet)
Stlth   +            (no ring)
HPRegen 0.28/turn    (no ring)
MPRegen 0.09/turn

%: no passive effects
@: lethally poisoned (-3 -> -26), tree-form
A: stationary, stasis, torment immunity, boosted hp, (antennae 1), condensation
shield
a: no special abilities


You were on level 3 of the Dungeon.
You were a tree.
You visited 1 branch of the dungeon, and saw 3 of its levels.

You collected 93 gold pieces.


Innate Abilities, Weirdness & Mutations

You are a tree.
Your roots penetrate the ground, keeping you stationary.
You cannot be teleported.
You are immune to unholy pain and torment.
Your maximum health is greatly increased.
Your equipment is partially melded.
((You have a pair of small antennae on your head.))
A meltable shield of frost defends you. (SH +4)


   Skills:
 - Level 1.0 Fighting
 - Level 1.7 Dodging
 + Level 3.7 Unarmed Combat
 * Level 4.2 Shapeshifting


You had 3 spell levels left.
You didn't know any spells.
Your spell library was empty.

Inventory:

Missiles
 e - 17 stones (quivered)
 n - 4 poisoned darts
Armour
 a - a +0 animal skin
 l - a +0 cloak
   (You found it on level 2 of the Dungeon)
 q - the +3 robe of Clouds (melded) {*Thunder rCloud rElec}
   (You found it on level 2 of the Dungeon)

   *Thunder:  It occasionally creates storm clouds above nearby enemies.
   rCloud:    It grants its wearer immunity to clouds.
   rElec:     It insulates you from electricity.
Talismans
 c - a beast talisman (active)
 d - a flux talisman
 u - a storm talisman
   (You found it on level 2 of the Dungeon)
Scrolls
 g - 2 scrolls of immolation {unknown}
 h - a scroll of blinking {unknown}
 j - a scroll of fog {unknown}
 k - a scroll of vulnerability {unknown}
 p - 2 scrolls of identify {unknown}
 s - a scroll of teleportation {unknown}
Potions
 f - 2 potions of ambrosia {unknown}
 i - a potion of attraction {unknown}
 m - 2 potions of resistance {unknown}
 o - a potion of mutation {unknown}
 r - 2 potions of might {unknown}
 t - a potion of curing {unknown}

Dungeon Overview and Level Annotations

Branches:
Dungeon (3/15) Zot: 15979

Altars:

Annotations:
D:3 Terence

.#########...#######
.................<..
.....#######.#######
####..# #.# .# #.# #
#.# # ..######.#
#####.###
..[...†..###........
............♣@...#
##################


You could see Terence.


Message History

There are monsters nearby!
You hit the gnoll.
The gnoll hits you from afar with a +0 spear.
The gnoll misses you.
The gnoll hits you from afar with a +0 halberd.
You hit the gnoll. The gnoll hits you with a +0 whip.
The gnoll barely misses you.
The gnoll completely misses you. 😮 HP[-6]
You take 6 damage, and now have 22/32 hp.
There are monsters nearby!
Unknown command.
You barely miss the gnoll. The gnoll hits you with a +0 whip.
The gnoll barely misses you. x2 😮 HP[-3]
You take 3 damage, and now have 19/32 hp.
Unknown command.
You hit the gnoll. The gnoll misses you.
The gnoll is engulfed in a thunderstorm.
You kill the gnoll!
You hit the gnoll but do no damage.
The gnoll hits you but does no damage. x2 😮 HP[+1]
You hit the gnoll.
You kill the gnoll!
The gnoll hits you from afar with a +0 halberd. 😮 HP[-2]
You take 2 damage, and now have 18/32 hp.
You block the gnoll's attack.
You see here a +0 whip.
You punch the gnoll! The gnoll misses you.
You hit the gnoll but do no damage.
The gnoll hits you with a +0 halberd. 😮 HP[-1]
You take 1 damage, and now have 17/32 hp.
Unknown command.
You hit the gnoll.
You kill the gnoll!
Things that are here:
a +0 halberd; a +0 club; a gnoll corpse You see here a +0 spear.
You start resting. 😕 HP[+10]
You regained 10 hp, and now have 27/32 hp.
Things that are here:
a +0 halberd; a +0 club; a gnoll corpse You see here a +0 whip.
p - 2 scrolls labelled HEXUCE UPLEUK (gained 1)
Found a stone staircase leading up. 😎 HP[+5]
Your hp is fully restored (32).
No target in view!
No target in view!
You sense a monster nearby.
An adder comes into view.
The helpless adder fails to defend itself.
You hit the adder. The adder bites you. 😕 HP[-2]
You take 2 damage, and now have 30/32 hp.
An adder is nearby!
You hit the adder.
Storm clouds gather above the adder.
You block the adder's attack.
You miss the adder.
The adder is engulfed in a thunderstorm.
You kill the adder! 😕 HP[+1] Terence the Incautious comes into view.
He is wielding a +2 morningstar of venom.
Terence shouts! 😎 HP[+1]
Your hp is fully restored (32).
Terence is nearby!
Terence hits you with a +2 morningstar of venom!
Ouch! That really hurt!
* * * LOW HITPOINT WARNING * * *
You are lethally poisoned! 😨 HP[-16]
You take 16 damage, and now have 16/32 hp.
MASSIVE DAMAGE!! (PAUSE)
Your transformation has ended.
You turn into a tree.
The +3 robe of Clouds {*Thunder rCloud rElec} melds into your body.
Your roots penetrate the ground.
* * * LOW HITPOINT WARNING * * *
You feel extremely sick.
Terence hits you with a +2 morningstar of venom.
* * * LOW HITPOINT WARNING * * *
You are more poisoned. 😨 HP[-1]
You now have 48 max hp (+16).
You hit Terence but do no damage. You punch Terence, but do no damage.
* * * LOW HITPOINT WARNING * * *
You feel extremely sick.
Terence hits you but does no damage. 😱 HP[-8]
You take 8 damage, and now have 7/48 hp.
You hit Terence but do no damage.
* * * LOW HITPOINT WARNING * * *
You feel very sick. You block Terence's attack. 😱 HP[-5]
You take 5 damage, and now have 2/48 hp.
You hit Terence but do no damage.
You die...

Skill      XL: |  1  2  3  4 |
---------------+-------------+-----
Shapeshifting  | 3 4 |  4.2
Unarmed Combat | 3 |  3.7
Fighting       | |  1.0
Dodging        | |  1.7

Action                     |  1- 3 |  4- 6 || total
---------------------------+-------+-------++-------
  Melee: Unarmed           |   122 |    44 ||   166
         Punch             |     2 |     3 ||     5
    Use: Potion            |       |     1 ||     1
   Stab: Sleeping          |     1 |     1 ||     2
 Armour: Animal skin       |    62 |       ||    62
         Robe              |     7 |    21 ||    28
         Skin              |       |     2 ||     2
  Dodge: Dodged            |    55 |    16 ||    71
  Block: Other             |    15 |     8 ||    23

Levels and vault maps discovered:
D:1:      spicycebolla_arrival_clurvy, layout_loops_cross, st_stairs_11,
          corexii_corridor_pit
D:2:      layout_loops_ring, shapermc_ecumenical_altar_petra,
          kennysheep_generic_room_7
D:3:      layout_loops_ring, nicolae_overflow_hidden_temple, nicolae_half_adder,
          uniq_terence, uniq_robin, uniq_crazy_yiuf_cottage

Notes
Turn   | Place    | Note
-------+----------+-------------------------------------------
     0 | D:1      | kae the Demonspawn Shapeshifter began the quest for the
                  | Orb.
     0 | D:1      | Reached XP level 1. HP: 15/15 MP: 1/1
     0 | D:1      | magus.rc [v1.11.3]
    89 | D:1      | HP: 2/15 [hobgoblin (2)]
   161 | D:1      | Reached skill level 3 in Shapeshifting
   207 | D:1      | Gained mutation: A meltable shield of frost defends you.
                  | (SH +4) [demonic ancestry]
   207 | D:1      | Reached XP level 2. HP: 18/21 MP: 2/2
   458 | D:1      | HP: 5/21 [ball python (2)]
   461 | D:1      | Reached skill level 3 in Unarmed Combat
   539 | D:1      | You fall into a shaft and drop 1 floor!
   687 | D:2      | Gained mutation: You have a pair of small antennae on your
                  | head. [demonic ancestry]
   687 | D:2      | Reached XP level 3. HP: 26/26 MP: 3/3
  1212 | D:2      | Found the +3 robe of Clouds {*Thunder rCloud rElec}
  1564 | D:2      | Found a faded altar of an unknown god.
  1834 | D:3      | Reached XP level 4. HP: 30/32 MP: 4/4
  1924 | D:3      | Reached skill level 4 in Shapeshifting
  2023 | D:3      | Noticed Terence
  2028 | D:3      | HP: 7/48 [poisoned by Terence]
  2029 | D:3      | HP: 2/48 [poisoned by Terence]
  2030 | D:3      | Succumbed to Terence's poison

Vanquished Creatures
  4 adders
  4 gnolls (D:3)
  A dart slug (D:2)
  A ribbon worm (D:3)
  5 orcs (D:3)
  7 ball pythons
  2 bats
  5 endoplasms
  2 giant cockroaches
  4 goblins
  6 hobgoblins
  2 quokkas
  3 frilled lizards
  3 kobolds
  6 rats
55 creatures vanquished.

Table legend:
 A = Non-vault XP
 B = Vault XP
 C = Vault XP percentage of total XP
 D = Non-vault monster count
 E = Vault monster count
 F = Vault count percentage of total count
                 A         B        C        D         E       F
            +---------+---------+-------+---------+---------+-------
      Total |     189 |       6 |   3.1 |      51 |       4 |   7.3
            +---------+---------+-------+---------+---------+-------
        D:1 |      30 |       3 |   9.1 |      18 |       2 |  10.0
        D:2 |      55 |       3 |   5.2 |      19 |       2 |   9.5
        D:3 |     104 |       0 |   0.0 |      14 |       0 |   0.0
            +---------+---------+-------+---------+---------+-------

Skill      XL: |  1  2  3  4 |
---------------+-------------+-----
Shapeshifting  | 3 4 |  4.2
Unarmed Combat | 3 |  3.7
Fighting       | |  1.0
Dodging        | |  1.7

Action                     |  1- 3 |  4- 6 || total
---------------------------+-------+-------++-------
  Melee: Unarmed           |   122 |    44 ||   166
         Punch             |     2 |     3 ||     5
    Use: Potion            |       |     1 ||     1
   Stab: Sleeping          |     1 |     1 ||     2
 Armour: Animal skin       |    62 |       ||    62
         Robe              |     7 |    21 ||    28
         Skin              |       |     2 ||     2
  Dodge: Dodged            |    55 |    16 ||    71
  Block: Other             |    15 |     8 ||    23

Illustrated notes

Table legend:
 A = Kills in this place as a percentage of kills in the entire game.
 B = Kills by you in this place as a percentage of kills by you in the entire game.
 C = Kills by friends in this place as a percentage of kills by friends in the entire game.
 D = Other kills in this place as a percentage of other kills in the entire game.
 E = Experience gained in this place as a percentage of experience gained in the entire game.
 F = Experience gained in this place divided by the number of levels of this place that you have seen.
                   A       B       C       D       E      F
               +-------+-------+-------+-------+-------+----------------------
         Total | 100.0 | 100.0 |   N/A |   N/A | 100.0 |  65.0
       Dungeon | 100.0 | 100.0 |   N/A |   N/A | 100.0 |  65.0
               +-------+-------+-------+-------+-------+----------------------

Table legend: (Time is in decaauts)
 A = Elapsed time spent in this place.
 B = Non-inter-level travel time spent in this place.
 C = Inter-level travel time spent in this place.
 D = Time resting spent in this place.
 E = Time spent auto-exploring this place.
 F = Levels seen in this place.
 G = Mean time per level.
                   A        B        C        D        E       F      G
               +--------+--------+--------+--------+--------+-----+--------+
         Total |   2020 |   1926 |     94 |    145 |   1427 |   3 |  673.3 |
       Dungeon |   2020 |   1926 |     94 |    145 |   1427 |   3 |  673.3 |
               +--------+--------+--------+--------+--------+-----+--------+

Top non-repeatable levels by time:
     D:2: 960 daAuts
     D:1: 823 daAuts
     D:3: 236 daAuts
